 Dungeon Crawl Stone Soup version 0.23.2-33-g5129a83184 (webtiles) character file.

Game seed: 17237818801151769312

50 funkygono the Grave Robber (level 3, 0/26 HPs)
             Began as a Ghoul Necromancer on July 13, 2019.
             Slain by an adder (2 damage)
             ... on level 2 of the Dungeon.
             The game lasted 00:04:51 (1945 turns).

funkygono the Grave Robber (Ghoul Necromancer)      Turns: 1945, Time: 00:04:52

Health: 0/26       AC:  3    Str: 11    XL:     3   Next: 79%
Magic:  1/5        EV: 12    Int: 11    God:
Gold:   60         SH:  0    Dex:  9    Spells: 4/6 levels left

rFire    . . .     SeeInvis .   (no weapon)
rCold    + . .     Gourm    .   (no shield)
rNeg     + + +     Faith    .   a - +1 robe
rPois    ∞         Spirit   .   (no helmet)
rElec    .         Reflect  .   (no cloak)
rCorr    .         Harm     .   (no gloves)
MR       .....                  (no boots)
Stlth    ++........             (no amulet)
HPRegen  0.00/turn              (no ring)
MPRegen  0.09/turn              (no ring)

@: very slightly contaminated, rotting
A: rotting body, claws 1, carnivore, cold resistance 1, negative energy
resistance 3, inhibited regeneration, torment resistance, unbreathing
a: no special abilities


You were on level 2 of the Dungeon.
You were not hungry.

You visited 1 branch of the dungeon, and saw 2 of its levels.

You collected 60 gold pieces.

Inventory:

Missiles
 e - 135 stones (quivered)
Armour
 a - a +1 robe (worn)
 l - a +0 leather armour
Scrolls
 d - a scroll of identify
Potions
 f - a potion of agility
 g - 3 potions of heal wounds
 h - a potion of lignification {unknown}
 i - 2 potions of curing {unknown}
 j - a potion of might {unknown}
Comestibles
 b - 6 chunks of flesh
 c - 2 rations


   Skills:
 + Level 1.9 Dodging
 + Level 2.3 Stealth
 + Level 0.9 Unarmed Combat
 + Level 2.2 Spellcasting
 + Level 4.7 Necromancy


You had 4 spell levels left.
You knew the following spells:

 Your Spells              Type           Power        Failure   Level  Hunger
a - Pain                  Necr           ##..         4%          1    ##.....
b - Animate Skeleton      Necr           N/A          4%          1    ##.....

Your spell library contained the following spells:

 Spells                   Type           Power        Failure   Level  Hunger
 Vampiric Draining        Necr           ##........   12%         3    ####...
 Regeneration             Chrm/Necr      #.........   32%         3    ####...
 Animate Dead             Necr           N/A          38%         4    #####..


Dungeon Overview and Level Annotations

Branches:
Dungeon (2/15)

Altars:


Innate Abilities, Weirdness & Mutations

Your body is rotting away.
You thrive on raw meat.
You are immune to poison.
You have sharp fingernails.
You are carnivorous and can eat meat at any time.
Your flesh is cold resistant. (rC+)
You are immune to negative energy. (rN+++)
You do not regenerate when monsters are visible.
You are immune to unholy pain and torment.
You can survive without breathing.


Message History

You don't have enough magic to cast that spell.
Unknown command.
You closely miss the adder.
The adder is almost dead.
The adder closely misses you.
Your kobold skeleton misses the adder.
The adder bites you but does no damage.
You closely miss the adder.
The adder is almost dead.
The adder bites you but does no damage.
Your kobold skeleton hits the adder but does no damage.
You closely miss the adder.
The adder is almost dead.
The adder barely misses you.
You miss the adder.
The adder is almost dead.
The adder bites you.
* * * LOW HITPOINT WARNING * * *
Your kobold skeleton closely misses the adder.
The adder bites you.
You die...

#........ #.......#
........# . #........
..#### #........ ###
...# #........
#.####.###......#
###........!@.....#
#...###....ZS.......
#####.....###.).........
#.....###.............##
#)...^# ########.##!..#
#.....##..# #..#.....
#.....##..# ##.# ...# .
####..##..## .. ...#
?.... #.........# #..
......


You could see an adder and a friendly kobold skeleton.

Vanquished Creatures
  An adder (D:2)
  A dart slug (D:1)
  A leopard gecko (D:2)
  A ball python (D:1)
  3 bats
  2 giant cockroaches
  4 hobgoblins
  2 jackals (D:2)
  6 kobolds
  A frilled lizard (D:2)
  5 goblins
  3 rats
30 creatures vanquished.

Vanquished Creatures (collateral kills)
  2 giant cockroaches
  A goblin (D:2)
  2 hobgoblins
  A jackal (D:2)
  A kobold (D:2)
  A rat (D:1)
8 creatures vanquished.

Grand Total: 38 creatures vanquished

Notes
Turn   | Place    | Note
-------+----------+-------------------------------------------
     0 | D:1      | funkygono the Ghoul Necromancer began the quest for the
                  | Orb.
     0 | D:1      | Reached XP level 1. HP: 14/14 MP: 2/2
   276 | D:1      | Reached XP level 2. HP: 5/20 MP: 0/3
   310 | D:1      | Learned a level 1 spell: Animate Skeleton
  1657 | D:2      | Reached XP level 3. HP: 16/16 MP: 0/5
  1945 | D:2      | Slain by an adder

Skill      XL: |  1  2 |
---------------+-------+-----
Spellcasting   | 2 |  2.2
Dodging        | |  1.9
Stealth        | |  2.3
Unarmed Combat | |  0.9
Necromancy     | |  4.7

Action                   || total
-------------------------++-------
Melee: Unarmed           ||    82
 Cast: Pain              ||    48
       Animate Skeleton  ||    11
  Use: Scroll            ||     5
  Eat: Chunk             ||    11
       Ration            ||     1
Armor: Robe              ||    19
Dodge: Dodged            ||    48
